[Event "TePe Sigeman & Co Chess Tournament 2023"]
[Site "Chess.com"]
[Date "2023.05.08"]
[Round "4"]
[White "Erigaisi, Arjun"]
[Black "Gukesh, D."]
[Result "1-0"]
[WhiteElo "2701"]
[BlackElo "2732"]
[ECO "C65"]
[EventDate "2023.??.??"]
[Annotator "rafael"]
[PlyCount "75"]
[Beauty "7834557218856"]
[EventType "game"]
[TimeControl "5400+30"]

1.e4 e5 2.Nf3 Nc6 3.Bb5 Nf6 4.d3 Bc5 5.O-O {This is the least popular of the three main options, but there's still a lot of theory behind it. The problem is that it allows the exchange of knights.} ( 5.c3 ) ( 5.Bxc6 ) 5...Nd4 $1 6.Nxd4 Bxd4 7.c3 Bb6 8.Ba4 {This is a prophylactic move that has been played by many strong GMs. White anticipates c7-c6.} ( 8.Na3 c6 9.Ba4 ) 8...O-O ( 8...c6 {This is a natural reaction and would probably transpose to known theory after} 9.Na3 ) 9.Bg5 {I think one of the critical positional themes in both the Ruy Lopez and especially the Italian these days is how to play these positions after Bg5. The game has a tendency to become sharper, since Black must be ready to play h6-g5, which creates weaknesses on the kingside but leaves the bishop out of play on g3. In some cases, it's Black that will start attacking with h5, g4, and so on. When I was younger, someone taught me that Bg5 was always bad, with the game Winter-Capablanca being the ubiquitous textbook example. But chess evolves, and we must be ready to challenge old assumptions and be honest enough to admit the truth: I just don't know how to evaluate these positions.} 9...h6 10.Bh4 d6 11.h3 $5 {[%c_effect h3;square;h3;type;Interesting;persistent;true] Another prophylactic move. The idea becomes clear if we examine the more popular 11.Nd2.} ( 11.Nd2 g5 12.Bg3 Bg4 $1 {[%c_effect g4;square;g4;type;GreatFind;persistent;true] I think the point of 11.h3 is to avoid this line. In my database, I see a lot of White wins in this position, but statistics are not everything in life, especially when we have a small sample.} ) 11...g5 {This has to be played at some point.} 12.Bg3 c6 {Gukesh decides to play at a slow pace.} ( 12...h5 {is a natural and primitive way of playing, and certainly it has been analyzed by Erigaisi in his preparation.} 13.Qd2 $1 {[%c_effect d2;square;d2;type;GreatFind;persistent;true] The best reaction.} ( 13.h4 $2 {[%c_effect h4;square;h4;type;Mistake;persistent;true] is suicide:} 13...Ng4 14.hxg5 Qxg5 {with a winning attack.} ) ( 13.Nd2 $6 h4 14.Bh2 g4 15.Kh1 Kh7 {again with a dangerous initiative for Black.} ) 13...Nh7 14.Na3 {with a good position.} ) ( 12...Kh7 {This was played in a correspondence game that followed:} 13.Nd2 g4 14.Bh4 Rg8 15.Kh2 Rg6 16.f4 Be3 {Total computer play. The way Black played, allowing himself to be pinned again and creating weaknesses, is barely understandable for old-fashioned humans like me. Needless to say, the game ended in a draw, just like nearly all correspondence games. Gudmundsson-Grigoryev, ICCF email 2017.} ) 13.Nd2 Be6 14.Bc2 Re8 {Gukesh is not playing for an attack. He's just focusing on finishing his development. But the weaknesses created by the pawn on g5 will come back to haunt him.} 15.Kh1 Bc7 16.d4 b5 {This is a difficult move to play. Gukesh fights for more space on the queenside.} ( 16...Qe7 {I'd probably play something like this, although I don't like Black's position at all.} ) 17.a4 $1 a5 18.Re1 Rb8 19.axb5 cxb5 20.Nf1 {White plays natural moves and has a pleasant advantage.} 20...b4 {The game becomes very sharp. It's funny that Black advances the pawns from both flanks with equal appetite.} 21.Ba4 Rf8 22.Rc1 bxc3 23.bxc3 exd4 $2 {[%c_effect d4;square;d4;type;Mistake;persistent;true] This makes things worse, and the computer is very critical about it, but it's not easy to suggest constructive alternatives.} ( 23...Rb2 {I don't know if this move makes much sense, but it's better than the one played in the game.} ) 24.cxd4 Rb4 25.d5 ( 25.f4 {looks very tempting, but matters are not clear after} 25...Bb6 $1 ) 25...Bc8 26.Qc2 $2 {[%c_effect c2;square;c2;type;Mistake;persistent;true] This move throws away the advantage.} ( 26.Nd2 $1 {[%c_effect d2;square;d2;type;GreatFind;persistent;true] is the best. White's plan is to break through on the kingside with f2-f4, and there's no adequate defense against it.} ) 26...Bb6 27.e5 dxe5 28.Bxe5 {The position becomes chaotic and positional considerations are no longer important. Calculation is the only thing that matters now.} 28...Bd4 {A good human move.} ( 28...Nxd5 $2 {[%c_effect d5;square;d5;type;Mistake;persistent;true] is too optimistic.} 29.Bb3 $1 Be6 30.Ba1 $1 {[%c_effect a1;square;a1;type;GreatFind;persistent;true] A deadly move, preparing all sorts of tactical ideas using the diagonals.} ) ( 28...g4 $5 {[%c_effect g4;square;g4;type;Interesting;persistent;true] A good computer move. This should not even cross a normal brain, but I should mention it even though I don't understand it.} ) 29.Bxd4 ( 29.Bc7 {While analyzing this game with a student, he suggested this move.} 29...Qxd5 30.Bc6 Qf5 31.Bd6 {I stopped the analysis with my student here, using the typical argument of authority: \"Black must have compensation for the exchange.\" Now, analyzing with an engine, I am relieved to say that I was right; Otherwise, I'd never have mentioned this anecdote in the first place.} 31...Qxf2 {with a good position.} ) 29...Rxd4 30.Bb3 Nxd5 {A bold capture, winning a pawn but opening the dangerous a2-g8 diagonal.} ( 30...Qd6 {seems to be a reasonable option.} ) 31.Qc6 {Threatening the h6-pawn.} ( 31.Red1 Nf4 {This forced move saves the position.} ( 31...Nb4 $2 32.Qg6+ ) ) 31...Nf4 $6 {[%c_effect f4;square;f4;type;Inaccuracy;persistent;true] This move is not scientifically bad, but it puts Black in a situation where he has to find some wonderful and impossible resources later on.} ( 31...Nf6 {The h6-pawn is defended, and the worst is over for Black, although White obviously has enough compensation.} ) 32.Qxh6 {This is a very interesting position that qualifies as an \"exercise level five\" of the great Russian trainer Mark Dvoretsky (which means impossible). It could also easily apply for a place in one of Ramesh R.B.'s future books, as he enjoys this type of difficult calculation. The question is: what's the only move that saves Black in this position $2} 32...Bf5 $2 ( 32...Rd6 $6 {[%c_effect d6;square;d6;type;Inaccuracy;persistent;true] First, we have to understand that this natural attempt to win White's queen fails to} 33.Bxf7+ $1 Rxf7 ( 33...Kxf7 {leads to a pretty mate after some collaboration :} 34.Rc7+ ( 34.Qh7+ Kf6 35.Ng3 {is a lazy way to win.} ) 34...Rd7 35.Qh7+ Kf6 36.Rc6+ Rd6 37.Qh6+ Ng6 38.Ng3 $3 Rxc6 39.Nh5+ Kf5 ( 39...Kf7 40.Qg7# ) 40.g4# {Not bad $1} ) 34.Rxc8 {White wins a pawn and has good winning chances.} ) ( 32...Bb7 {This move is very tempting and human. None of these qualities, however, are enough to save the game.} 33.Bc2 $1 ( 33.Rc5 $1 {[%c_effect c5;square;c5;type;GreatFind;persistent;true] is also good, although the win is far from easy, to say the least.} 33...Bxg2+ 34.Kh2 Bd5 ( 34...Nxh3 35.Qg6+ ( 35.Re6 $2 Bd5 $1 ) 35...Kh8 36.Qh5+ $1 Kg8 ( 36...Kg7 37.Ng3 {with a winning attack.} ) 37.Re6 $3 Bd5 ( 37...fxe6 38.Qg6+ Kh8 39.Qh6+ Kg8 40.Bxe6+ Rf7 41.Qg6+ ) 38.Bxd5 Rxd5 39.Rh6 $1 Rxc5 40.Rh8+ Kg7 41.Qh6# ) ) 33...Bxg2+ 34.Kh2 f5 35.Bb3+ Bd5 36.Rc8 $3 {[%c_effect c8;square;c8;type;Brilliant;persistent;true] This game is full of beautiful tactical resources. This is the only winning move.} 36...Qxc8 37.Qxg5+ Kh8 38.Re7 {with a winning attack.} ) ( 32...Bxh3 $3 {[%c_effect h3;square;h3;type;Brilliant;persistent;true] When Alexander Kotov wrote the famous calculation chapter of his book \"Think Like a Grandmaster,\" he suggested that the list of candidate moves should be created methodically, before calculating any moves, never going back on the variations. Despite the importance of the ideas contained in Kotov's masterpiece, this is evidently not the way anyone should calculate in chess. Nobody can include this brilliant move in a list of candidates before understanding why 32...Rd6 doesn't work. Much more logical is the suggestion of Nunn in a later work, \"Secrets of Practical Chess,\" where he indicates that before thinking about \"candidate moves,\" you should do a quick scan of the position, analyzing some forcing variations and tempting moves, so that you understand the position better before going deeper in the analysis.} 33.Rc5 ( 33.gxh3 $2 Rd6 {Now Black wins because the bishop sacrifice on f7 no longer works.} 34.Bxf7+ Rxf7 35.Rc8 Qxc8 36.Qxd6 Qxh3+ 37.Kg1 Qg2# ) ( 33.Re5 Bxg2+ 34.Kh2 Nh3 $1 35.Kxg2 ( 35.Qg6+ {White can always peter out with a draw if he so wishes. Black is the one trying to save his skin.} 35...Kh8 36.Qh6+ ) 35...Rh4 {The position remains fantastically complicated. Black is a piece down for two pawns, but the knight is going to f4. The machine evaluates this as equal.} ) ( 33.Bc2 {is no longer so good without the h3-pawn.} 33...Bxg2+ 34.Kg1 ( 34.Kh2 $2 Ng6 35.Bxg6 Rh4+ ) 34...Nh3+ $1 35.Kxg2 Rh4 36.Qc6 Nf4+ 37.Kg1 Nh3+ 38.Kg2 Nf4+ {with perpetual check.} ) 33...Bxg2+ 34.Kh2 Bd5 35.Re5 Ng6 $1 36.Rcxd5 Rxd5 37.Rxd5 Qb8+ 38.Ng3 Qxb3 {and although White's pieces are still dangerously around Black's king, the position is defensible, and a draw is the fair result. I had many pleasant moments analyzing these variations, but I still think I need a dozen hours more to make sense of everything and to find many more resources, as they certainly exist.} ) 33.Rc6 $1 {[%cal Bf1g3,Bc6f6] [%c_effect c6;square;c6;type;GreatFind;persistent;true] A devastating move, avoiding Black's Rd6 idea for good and bringing the rook to the attack.} 33...Rd3 $2 ( 33...Nxh3 $1 {[%c_effect h3;square;h3;type;GreatFind;persistent;true] This is the only remaining chance.} 34.gxh3 Rh4 35.Rg6+ $1 Bxg6 36.Qxg6+ Kh8 37.Qf5 {White still has work to do, but the winning chances are excellent, as the black king is still poorly defended.} ) 34.Re5 {The other rook also joins the party.} 34...Rxb3 35.Rxf5 f6 36.Rxf4 $1 gxf4 37.Qg6+ Kh8 38.Rc5 ( 38.Rc5 f5 39.Qh6+ Kg8 40.Qe6+ ( 40.Rc6 {is even better.} ) 40...Kg7 41.Qxb3 ) 1-0

[Event "Chess 2023"]
[Site "Chess.com"]
[Date "2023.06.01"]
[Round "5"]
[White "Abdusattorov, Nodirbek"]
[Black "Firouzja, Alireza"]
[Result "0-1"]
[WhiteElo "2731"]
[BlackElo "2785"]
[ECO "D45"]
[EventDate "2023.??.??"]
[Annotator "rafael"]
[PlyCount "118"]
[Beauty "6463833550862"]
[EventType "schev"]
[EventRounds "2"]
[EventCountry "NOR"]
[TimeControl "5400+30"]

1.d4 d5 2.c4 c6 3.Nf3 Nf6 4.Nc3 e6 5.e3 Nbd7 6.Be2 {This is a fashionable move. How can the bishop be better developed on e2 than on d3 $2 The idea is that after Black's dxc4, White is not forced to capture.} 6...Bd6 ( 6...dxc4 7.a4 {This is the idea. White avoids b7-b5. Whether this is really good is another question, but it's a fresh idea. Or at least it was when it was played for the first time.} ) 7.b3 b6 {As a general rule, in the Semi-Slav it's never too bad if you just play b6, Bb7, and so on, even in worse situations than this.} 8.Bb2 Bb7 9.O-O O-O 10.Qc2 ( 10.Bd3 {is another popular move, played by many strong GMs and recommended by Shankland in one of his courses. At the risk of being a grumpy old man, I think we're going too far when White has to play the bishop on e2 and move it one square forward just four moves later just because of a few subtleties.} ) 10...Re8 ( 10...Rc8 {If Kramnik plays a move in the opening, I consider it good. I don't care if he is retired. If I played the Semi-Slav I would just follow him.} 11.Rad1 c5 12.cxd5 cxd4 13.Rxd4 Nxd5 14.Bc4 $6 Ne5 $1 {[%c_effect e5;square;e5;type;GreatFind;persistent;true] With a good position (unsurprisingly) for Black in Gukesh-Kramnik, Chessable Play In Match (rapid) 2023.} ) 11.Rad1 Qe7 {Firouzja decides to develop the rook on d8 instead of c8.} 12.Rfe1 Rad8 13.h3 ( 13.e4 Nxe4 14.Nxe4 dxe4 15.Qxe4 Bb4 ( 15...Nf8 {is also possible and was played in Bu-Ding, Yinzhou Cup 2022.} ) 16.Rf1 Bd6 {with a tacit draw offer that was played in several games.} ) 13...h6 {That's a good strategy: if your opponent plays h3, why not play h6 back $2 Isn't chess supposed to be a game of patience $2} 14.Bf1 ( 14.e4 {is always possible:} 14...dxe4 15.Nxe4 Nxe4 16.Qxe4 Bb4 17.Nd2 ( 17.Rf1 Bd6 ) 17...Nf6 18.Qc2 {Mamedyarov-Duda, Meltwater Final (rapid) 2021.} ) 14...Ba3 {This move was only played once in the most prestigious weekly online tournament. When I analyze the opening phase of these elite games, I'm always surprised by how well-prepared and avant-garde the Titled Tuesday crowd is.} ( 14...c5 15.cxd5 exd5 {is a critical position to assess White's opening strategy.} ) ( 14...Bb4 15.a3 $1 {[%c_effect a3;square;a3;type;GreatFind;persistent;true] This is an important resource for White.} 15...Bxa3 16.Bxa3 Qxa3 17.Ra1 {The a7-pawn is captured, with a slight advantage.} ) 15.cxd5 {A new move.} ( 15.Ba1 Bb4 {with a good position for Black in Baker-Bures, Titled Tuesday (blitz) 2022.} ) 15...exd5 {As a rule of thumb, you never want to capture with the c-pawn when the knight is developed on d7 in similar positions.} 16.Bxa3 Qxa3 17.Rb1 a5 {Avoiding the minority attack with b3-b4.} 18.Bd3 Qe7 {White probably can claim a slight advantage in this position, typical of Queen's Gambit Declined pawn structures. The plan is to advance the queenside or to break with e3-e4.} 19.Qb2 ( 19.e4 {is premature.} 19...dxe4 20.Nxe4 Nxe4 21.Bxe4 Qd6 {with an equal position.} ) 19...Ne4 20.Rbc1 Ng5 $5 21.Nxg5 Qxg5 ( 21...hxg5 {Capturing with the pawn is also possible.} ) 22.Na4 ( 22.b4 axb4 23.Qxb4 c5 24.Qb2 Re6 {Black's pawns are well protected, and he has an active position.} ) ( 22.Ne2 $5 {[%c_effect e2;square;e2;type;Interesting;persistent;true] With the idea of placing the knight on f4 is good. The knight is the best friend of the king: The monarch always feel safer with this piece near him. White has a small advantage.} ) 22...Re6 23.Qe2 {Abdusattorov brings the queen to the king's aid.} 23...c5 $1 {[%c_effect c5;square;c5;type;GreatFind;persistent;true] The right time to play an active move.} 24.dxc5 $6 {[%c_effect c5;square;c5;type;Inaccuracy;persistent;true] Abduasattorov is not someone that shies away from complications, but here he should have been more conservative.} ( 24.Qg4 Qxg4 25.hxg4 cxd4 26.exd4 {with a safe position, although White doesn't have much after} 26...Rxe1+ 27.Rxe1 Bc6 ) 24...d4 {This is Black's idea.} 25.Qg4 Qe7 $1 {[%c_effect e7;square;e7;type;GreatFind;persistent;true] An excellent move. Firouzja is in his element when playing with the initiative. 26...Ne5 is threatened.} 26.Bf5 Nf6 27.Qe2 $6 ( 27.Qg3 {is better.} 27...Re5 ( 27...Nh5 28.Qg4 Nf6 {leads to a move repetition.} ) 28.c6 $1 Bxc6 29.Rxc6 Rxf5 30.Nxb6 {Here Black has a few interesting moves, but the position is more or less equal.} ) 27...Re5 28.c6 Bxc6 $1 29.Rxc6 dxe3 $1 30.Kf1 $6 ( 30.fxe3 Rxf5 31.Nxb6 Ne4 {Black has a dangerous initiative, but after the computer suggestion} 32.Rc8 $1 Rxc8 33.Nxc8 {things are not as bad as it looks.} ) 30...Rxf5 $6 ( 30...Re8 $1 {[%c_effect e8;square;e8;type;GreatFind;persistent;true] is more accurate.} 31.Rc8 $1 {[%c_effect c8;square;c8;type;GreatFind;persistent;true] The only move.} 31...Rxc8 $1 32.Bxc8 Ne4 $1 {[%c_effect e4;square;e4;type;GreatFind;persistent;true] with a very strong attack. This variation is very difficult for humans to see.} ) 31.Qxe3 Qd7 $1 32.Rcc1 $2 ( 32.Qc3 $1 {[%c_effect c3;square;c3;type;GreatFind;persistent;true] is necessary. White is surviving.} ) 32...Re8 $1 33.Qxb6 Ne4 {Black has a strong attack. Another good example of the \"a knight on the rim is dim\" rule. One knight is centralized and pointing at the king. The other is at the edge of the board, contemplating the horizon.} 34.Rcd1 $6 ( 34.Kg1 {is better, but after} 34...Nxf2 35.Rxe8+ Qxe8 {the attack persists.} ) 34...Nxf2 $1 {[%c_effect f2;square;f2;type;GreatFind;persistent;true] This nice tactical move wins the queen and the game.} 35.Rxe8+ ( 35.Rxd7 Nxh3+ 36.Qf2 Rxf2# ) 35...Qxe8 36.Qxf2 {There's nothing better.} 36...Qb5+ 37.Kg1 Rxf2 38.Kxf2 {Black has a technically winning position, and Firouzja has no problem demonstrating it.} 38...Qf5+ 39.Ke3 Qg5+ ( 39...Qe5+ 40.Kf2 f5 {This is also very good, advancing the pawns with the queen centralized.} ) 40.Kf2 Qf4+ 41.Kg1 Qe3+ 42.Kf1 f5 43.Nb2 Qc3 44.Nc4 a4 45.Re1 axb3 46.axb3 Qxb3 47.Ne5 {I must admit I was not so sure that this position was easily winning, but after watching the game and looking at the computer's evaluation, it seems like a walk in the park.} 47...g5 48.Nf3 Kg7 49.Kf2 Kf6 ( 49...g4 $1 {[%c_effect g4;square;g4;type;GreatFind;persistent;true] is more precise.} ) 50.g4 ( 50.g3 {is more stubborn.} ) 50...Qb6+ 51.Kg3 Qd6+ 52.Kf2 fxg4 53.hxg4 Qf4 54.Rh1 Kg7 55.Rg1 h5 $1 56.Kg2 ( 56.gxh5 g4 57.Rg3 Kh6 {with the winning endgame of queen against rook.} ) 56...hxg4 57.Ne1 g3 58.Rf1 Qe3 59.Kh3 Qf2 {A very elegant final combination.} 0-1

[Event "Chess 2023"]
[Site "Chess.com"]
[Date "2023.06.03"]
[Round "7"]
[White "Firouzja, Alireza"]
[Black "Caruana, Fabiano"]
[Result "0-1"]
[WhiteElo "2785"]
[BlackElo "2764"]
[ECO "C11"]
[EventDate "2023.??.??"]
[PlyCount "76"]
[Beauty "7767448354901"]
[EventType "schev"]
[EventRounds "2"]
[EventCountry "NOR"]
[TimeControl "5400+30"]

1.e4 e6 {\"I surprised him in the opening for sure.\" (Caruana)} 2.d4 d5 3.Nc3 Nf6 4.e5 Nfd7 5.f4 c5 6.Nf3 Nc6 7.Be3 cxd4 8.Nxd4 Qb6 {Caruana goes for the pawn grab.} 9.Qd2 Qxb2 10.Rb1 Qa3 11.Ncb5 Qxa2 {Grabbing a second pawn.} 12.Rd1 Rb8 13.Nc7+ Kd8 14.Ncb5 Nc5 15.Bd3 Nxd3+ 16.Qxd3 Bd7 $146 ( 16...Qa5+ 17.Kf2 Nxd4 18.Bxd4 Bd7 19.Rb1 Rc8 20.Nd6 {White was better here with this Nd6 move, and this was probably what Firouzja remembered from his preparation. Abergel,T (2413)-Fridman,D (2602) Germany 2014} ) 17.Nd6 $2 {[%c_effect d6;square;d6;type;Mistake;persistent;true] Caruana criticized this move. \"I was happy with a draw, and then he played Nd6.\"} ( 17.O-O Qc4 {was what Caruana intended.} 18.Qxc4 ( {He mentioned} 18.Qd2 Bb4 ) 18...dxc4 19.Nxc6+ ( {He showed some nice lines here:} 19.f5 $2 Nxd4 20.Rxd4 Bc5 21.Rxd7+ Kxd7 22.Bxc5 Kc6 {picks up a piece.} ) 19...bxc6 20.Nd6 {Caruana said this looked like a \"safe endgame.\"} ) 17...Bxd6 18.exd6 Qc4 19.Qd2 f6 {Paving the way for the king to f7.} ( 19...Qb4 20.c3 Qxd6 {\"I thought he wouldn't have enough\" (Caruana), although the engine says there's enough compensation for three pawns.} 21.Nb5 Qe7 22.Qf2 b6 23.Nxa7 Ke8 24.Bxb6 f6 25.O-O {and even here the engine gives an equal evaluation.} ) 20.Nxc6+ bxc6 21.Qa5+ Ke8 22.Qxa7 Rb2 23.Qa8+ {Losing, but at least White wins the rook. It's better to die with a full stomach.} ( 23.Rc1 {is already the engine's best recommendation. It's not inspiring after} 23...Qb4+ 24.Ke2 Rg8 {Defending the rook.} 25.Kf3 e5 {Black is still better. From the human perspective, nobody would go for this with White.} ) 23...Kf7 24.Qxh8 Qxc2 {Black is a full rook down, but the white king is unsafe.} 25.Bd2 Qe4+ 26.Kf1 Qd3+ 27.Ke1 c5 {Black also has three pawns for the rook. Look at that pawn chain $1} 28.h4 Bb5 29.Kf2 Rxd2+ 30.Rxd2 Qxd2+ {Black wins material. He has two pawns for the exchange and an attack.} 31.Kg3 Qe3+ 32.Kh2 Qxf4+ {Another pawn.} 33.Kg1 Qd4+ 34.Kh2 Qxh4+ 35.Kg1 Qd4+ {Four pawns for the exchange.} 36.Kh2 Qe5+ 37.Kg1 Qxd6 38.Rxh7 ( {Caruana showed:} 38.Qxh7 Be2 {Stopping Qh5.} 39.Kf2 Bg4 40.Rb1 Qc7 ) 38...Qf8 {Caruana mentioned that Firouzja looked like he missed this move, although the game was lost anyway.} 0-1